 Dungeon Crawl Stone Soup version 0.29-a0-451-gfbfa42419e (webtiles) character file.

Game seed: 16644988887305178575

3343 acebull12 the Unseen (level 10, -14/60 HPs)
             Began as a Kobold Brigand on May 19, 2022.
             Was a Follower of Dithmenos.
             Shot with an arrow by a centaur (15 damage)
             ... on level 7 of the Dungeon.
             The game lasted 00:17:05 (8049 turns).

acebull12 the Unseen (Kobold Brigand)               Turns: 8049, Time: 00:17:06

Health: -14/60     AC:  2    Str: 10    XL:     10   Next: 22%
Magic:  10/10      EV: 16    Int: 12    God:    Dithmenos [*.....]
Gold:   177        SH:  0    Dex: 20    Spells: 9/9 levels left

rFire   . . .      SeeInvis .   o - +0 short sword (venom)
rCold   . . .      Faith    .   (no shield)
rNeg    . . .      Spirit   .   b - +0 robe
rPois   .          Reflect  .   (no helmet)
rElec   .          Harm     +   j - scarf {harm}
rCorr   +          Rampage  .   (no gloves)
Will    .....                   (no boots)
Stlth   +++++++++.              (no amulet)
HPRegen 0.20/turn               x - ring of resist corrosion
MPRegen 0.12/turn               (no ring)

@: wreathed by umbra
A: small, no large weapons, nightstalker 3
a: Renounce Religion


You were on level 7 of the Dungeon.
You worshipped Dithmenos.
Dithmenos was aware of your devotion.
You visited 2 branches of the dungeon, and saw 8 of its levels.
You also visited: Sewer.

You collected 177 gold pieces.

Inventory:

Hand Weapons
 a - a +2 dagger
 o - a +0 short sword of venom (weapon)
 w - the +3 shortbow of Summer {speed, rElec}
   (You found it in a sewer)

   Attacks with this weapon are significantly faster.
   rElec:     It insulates you from electricity.
Missiles
 d - 26 poisoned darts (quivered)
 e - 3 curare-tipped darts
 B - a throwing net
Armour
 b - a +0 robe (worn)
 c - a +0 cloak
 g - the +1 robe of a ziggurat {rF+ rN+ Regen+ Dex-3}
   (You found it on level 3 of the Dungeon)

   Dex:       It affects your dexterity (-3).
   rF:        It protects you from fire.
   rN:        It protects you from negative energy.
   Regen:     It increases your rate of health regeneration.
 j - a scarf of harm (worn)
 A - a +0 leather armour
 F - an orb of mayhem
Jewellery
 x - a ring of resist corrosion (left hand)
Wands
 t - a wand of iceblast (1)
 C - a wand of polymorph (7)
Scrolls
 s - 9 scrolls of identify
 v - 2 scrolls of blinking
 y - a scroll of torment {unknown}
 z - a scroll of fog {unknown}
 D - a scroll of poison {unknown}
Potions
 f - a potion of ambrosia {unknown}
 h - 5 potions of lignification {unknown}
 i - a potion of haste {unknown}
 k - 2 potions of mutation {unknown}
 l - 3 potions of degeneration {unknown}
 m - a potion of attraction {unknown}
 n - a potion of berserk rage {unknown}
 p - 2 potions of cancellation {unknown}
 q - a potion of heal wounds {unknown}
 r - 2 potions of flight
 u - 2 potions of might {unknown}
 E - 2 potions of resistance {unknown}


   Skills:
 * Level 5.8 Fighting
 * Level 9.2 Short Blades
 + Level 2.3 Throwing
 + Level 3.4 Dodging
 * Level 15.6 Stealth


You had 9 spell levels left.
You didn't know any spells.
Your spell library contained the following spells:

 Spells                   Type           Power      Damage    Failure   Level
 Slow                     Hex            0%         N/A       32%         1
 Confusing Touch          Hex            0%         N/A       69%         3
 Frozen Ramparts          Ice            0%         1d2       69%         3
 Ozocubu's Armour         Ice            0%         N/A       69%         3
 Tukima's Dance           Hex            0%         N/A       69%         3
 Vampiric Draining        Necr           0%         2d6       69%         3
 Ice Form                 Ice/Tmut       0%         N/A       97%         4
 Passage of Golubria      Tloc           0%         N/A       97%         4
 Summon Ice Beast         Ice/Summ       0%         N/A       97%         4
 Metabolic Englaciation   Hex/Ice        0%         N/A       100%        5
 Yara's Violent Unravell  Hex/Tmut       0%         3d3       100%        5
 Simulacrum               Ice/Necr       0%         N/A       100%        6


Dungeon Overview and Level Annotations

Branches:
Dungeon (7/15)             Temple (1/1) D:5           Sewer (visited)

Altars:
Ashenzari
Cheibriados
Dithmenos
Elyvilon
Gozag
Hepliaklqana
Kikubaaqudgha
Makhleb
Nemelex Xobeh
Okawaru
Ru
Sif Muna
Trog
Uskayaw
Vehumet
Xom
Yredelemnul
Zin
The Shining One

Shops:
D:6 =


Innate Abilities, Weirdness & Mutations

You are small and have problems with some larger weapons.
You are completely attuned to the shadows.


Message History

The orc attacks as you move away! The orc completely misses you.
The necrophage attacks as you move away!
The necrophage hits you!
You see here a scroll of identify.
The necrophage attacks as you move away!
The necrophage hits you.
The necrophage attacks as you move away!
The necrophage misses you.
The necrophage attacks as you move away!
The necrophage barely misses you.
You hit the necrophage but do no damage.
The necrophage is moderately damaged.
The necrophage hits you.
You feel drained.
You puncture the necrophage!
The necrophage is almost destroyed.
You closely miss the necrophage.
The necrophage is almost destroyed.
The necrophage hits you.
You completely miss the necrophage.
The necrophage is almost destroyed.
The necrophage barely misses you.
You hit the necrophage.
You destroy the necrophage!
Dithmenos accepts your kill.
Your life force feels restored.
The centaur wields a +0 shortbow.
The centaur shoots an arrow.
The arrow closely misses you.
The centaur shoots an arrow.
The arrow hits you.
The centaur shoots an arrow.
The arrow hits you!
The centaur shoots an arrow.
The arrow hits you.
You hear an angry hiss.
The centaur shoots an arrow.
The arrow misses you.
The centaur shoots an arrow.
The arrow closely misses you.
The iguana hisses menacingly.
The centaur shoots an arrow.
The arrow hits you!
* * * LOW HITPOINT WARNING * * *
The centaur shoots an arrow.
The arrow misses you.
The centaur shoots an arrow.
The arrow hits you!
* * * LOW HITPOINT WARNING * * *
The centaur shoots an arrow.
The arrow hits you!
You die...

.# ###### ##.##
.....###...## #####.#
.....##...#.# #.<....
###.........# #.###.#
..#.......#l#######.#
..#.####....c...@...#
.#..# #.##.######..#
..#.# #.##.........#
..#.# #.#########..#
###.# #..>...# #..#
....# #......# #..##
...# ......# #...##
###. ......####....#
...........#'##


You could see a centaur.

Vanquished Creatures
  A deep elf pyromancer (D:7)
  The ghost of elongatedgoose the Vexing, a novice DEAM of Okawaru (D:4)
  Prince Ribbit (D:7)
  Sigmund (D:3)
  A steam dragon (D:7)
  A hornet zombie (D:7)
  A sky beast (D:7)
  A black bear (D:4)
  2 ogres
  A phantom (D:6)
  A kobold brigand (D:6)
  A bullfrog (D:4)
  A gnoll sergeant (D:5)
  2 necrophages
  A wyvern zombie (D:7)
  2 scorpions (D:4)
  5 wights (D:7)
  2 howler monkeys
  2 centaur zombies (D:7)
  4 orc priests
  4 hounds
  2 orc wizards
  6 iguanas
  2 killer bee zombies (D:7)
  A howler monkey zombie (D:7)
  5 gnolls (D:5)
  9 adders
  2 river rats (D:4)
  2 white imps
  3 worms
  15 orcs
  6 ball pythons
  3 bats
  7 endoplasms
  12 giant cockroaches
  A goblin (D:3)
  4 hobgoblins
  2 jackals (D:2)
  11 kobolds
  9 quokkas
  8 frilled lizards
  8 rats
154 creatures vanquished.

Vanquished Creatures (collateral kills)
  An adder (D:3)
1 creature vanquished.

Grand Total: 155 creatures vanquished

Notes
Turn   | Place    | Note
-------+----------+-------------------------------------------
     0 | D:1      | acebull12 the Kobold Brigand began the quest for the Orb.
     0 | D:1      | Reached XP level 1. HP: 12/12 MP: 1/1
   275 | D:1      | Reached XP level 2. HP: 18/18 MP: 2/2
   597 | D:1      | Reached skill level 6 in Stealth
   687 | D:1      | Found a faded altar of an unknown god.
   718 | D:2      | Reached XP level 3. HP: 22/22 MP: 3/3
  1787 | D:2      | Reached XP level 4. HP: 27/27 MP: 4/4
  1925 | D:2      | Reached skill level 7 in Stealth
  2319 | D:3      | Found a radiant altar of Vehumet.
  2507 | D:3      | Identified the +1 robe of a ziggurat {rF+ rN+ Regen+ Dex-3}
  2546 | D:3      | Noticed Sigmund
  2550 | D:3      | Killed Sigmund
  2551 | D:3      | Reached skill level 8 in Stealth
  2551 | D:3      | Reached XP level 5. HP: 32/32 MP: 5/5
  2551 | D:3      | Reached XP level 6. HP: 37/37 MP: 6/6
  3326 | D:3      | Reached skill level 5 in Short Blades
  3587 | D:4      | Noticed a black bear
  3591 | D:4      | Killed a black bear
  3592 | D:4      | Reached XP level 7. HP: 41/41 MP: 7/7
  3660 | D:4      | Found a glowing drain.
  3666 | D:4      | Reached skill level 9 in Stealth
  3674 | Sewer    | Entered a sewer
  4120 | Sewer    | Identified the +3 shortbow of Summer {speed, rElec}
  4425 | D:4      | Found a large runed translucent door.
  4426 | D:4      | Found a large runed translucent door.
  4904 | D:4      | Noticed elongatedgoose's ghost (novice DEAM)
  4909 | D:4      | Killed elongatedgoose's ghost
  4910 | D:4      | Reached skill level 10 in Stealth
  4910 | D:4      | Reached XP level 8. HP: 48/48 MP: 8/8
  4930 | D:5      | Entered Level 5 of the Dungeon
  5166 | D:5      | Reached skill level 11 in Stealth
  5885 | D:5      | Found a staircase to the Ecumenical Temple.
  5891 | Temple   | Entered the Ecumenical Temple
  6026 | Temple   | Became a worshipper of Dithmenos the Shadowed
  6623 | D:6      | Found Apnich's One-of-a-Kind Rings.
  6641 | D:6      | Reached skill level 12 in Stealth
  6641 | D:6      | Reached XP level 9. HP: 52/52 MP: 9/9
  7514 | D:6      | Reached * piety under Dithmenos
  7522 | D:6      | Reached skill level 13 in Stealth
  7788 | D:7      | Reached skill level 5 in Fighting
  7851 | D:7      | Reached skill level 14 in Stealth
  7861 | D:7      | Found a basalt altar of Yredelemnul.
  7992 | D:7      | Noticed Prince Ribbit
  7996 | D:7      | Killed Prince Ribbit
  8007 | D:7      | Noticed a deep elf pyromancer
  8011 | D:7      | Killed a deep elf pyromancer
  8012 | D:7      | Reached skill level 15 in Stealth
  8012 | D:7      | Reached XP level 10. HP: 60/60 MP: 10/10
  8048 | D:7      | HP: 1/60 [centaur/arrow (9)]
  8049 | D:7      | Shot with an arrow by a centaur

Illustrated notes

Levels and vault maps discovered:
D:1:      scummos_arrival_forest, layout_loops_ring,
          dilly_ecumenical_altar_fadedgnrine
D:2:      layout_basic, grunt_ministairs_6, roderic_serpentine_path,
          minmay_strange_pillars, minmay_increasing_density
D:3:      layout_basic, fiery_altar_vehumet, kennysheep_generic_room_11,
          uniq_sigmund
D:4:      layout_rooms, portal_sewer_entry_a, ebering_ghost_disaster_area,
          minmay_misc_feat_doors
D:5:      layout_gridville, minmay_temple_entry_proselytizer
D:6:      layout_gridville, nicolae_shop_unique_rings, minmay_misc_feat_rugged
D:7:      cheibrodos_two_vegetables, layout_loops_ring,
          nicolae_yredelemnul_corpse_copse, serial_shops, nicolae_square_shop,
          minmay_chambers_of_fives, uniq_prince_ribbit1
Temple:   regret_index_temple_chain_breaker

Skill      XL: |  1  2  3  4  5  6  7  8  9 |
---------------+----------------------------+-----
Stealth        | 6 8 10 12 15 | 15.6
Short Blades   | 4 5 7 9 |  9.2
Fighting       | 3 4 5 |  5.8
Dodging        | 2 3 |  3.4
Throwing       | |  2.3

Action                   |  1- 3 |  4- 6 |  7- 9 | 10-12 || total
-------------------------+-------+-------+-------+-------++-------
Melee: Dagger            |    20 |       |       |       ||    20
       Short sword       |    15 |    52 |   237 |     9 ||   313
       Punch             |       |       |     4 |       ||     4
  Use: Scroll            |       |     5 |       |       ||     5
 Stab: Sleeping          |    19 |    12 |    55 |     1 ||    87
       Distracted        |       |     1 |     2 |       ||     3
Armor: Robe              |     2 |     3 |    17 |     1 ||    23
Dodge: Dodged            |    12 |    19 |   125 |    13 ||   169

Table legend: (Time is in decaauts)
 A = Elapsed time spent in this place.
 B = Non-inter-level travel time spent in this place.
 C = Inter-level travel time spent in this place.
 D = Time resting spent in this place.
 E = Time spent auto-exploring this place.
 F = Levels seen in this place.
 G = Mean time per level.
                   A        B        C        D        E       F      G
               +--------+--------+--------+--------+--------+-----+--------+
         Total |   8038 |   7566 |    472 |    961 |   5137 |   9 |  893.1 |
       Dungeon |   7274 |   6802 |    472 |    701 |   4960 |   7 | 1039.1 |
        Temple |    145 |    145 |      0 |      0 |    111 |   1 |  145.0 |
         Sewer |    618 |    618 |      0 |    260 |     66 |   1 |  618.0 |
               +--------+--------+--------+--------+--------+-----+--------+

Top non-repeatable levels by time:
     D:2: 1594 daAuts
     D:5: 1421 daAuts
     D:3: 1154 daAuts
     D:6: 1120 daAuts
     D:4: 930 daAuts
     D:1: 774 daAuts
   Sewer: 618 daAuts
     D:7: 277 daAuts
  Temple: 145 daAuts
